 Dungeon Crawl Stone Soup version 0.30-a0-1103-g25895a7845 (webtiles) character file.

Game seed: 10416443745880020365

91 MackTheKnife the Trooper (level 4, 0/39 HPs)
             Began as a Human Fighter on Apr 18, 2023.
             Frozen to death by an endoplasm (4 damage)
             ... on level 2 of the Dungeon.
             The game lasted 00:01:14 (723 turns).

MackTheKnife the Trooper (Human Fighter)             Turns: 723, Time: 00:01:15

Health: 0/39       AC:  7    Str: 19    XL:     4   Next: 87%
Magic:  4/4        EV:  9    Int:  8    God:
Gold:   39         SH:  4    Dex: 12    Spells: 3/3 levels left

rFire   . . .      SeeInvis .    e - +2 whip (drain) {mace}
rCold   . . .      Faith    .    c - +0 buckler
rNeg    . . .      Spirit   .    b - +0 scale mail
rPois   .          Reflect  .    (no helmet)
rElec   .          Rampage  .    (no cloak)
rCorr   .                        f - +0 pair of gloves
Will    +....                    (no boots) Stlth
                                 (no amulet)
HPRegen 0.26/turn                k - ring of willpower
MPRegen 0.09/turn                (no ring)

@: lethally poisoned (0 -> -2)
A: no striking features
a: no special abilities


You were on level 2 of the Dungeon.
You visited 1 branch of the dungeon, and saw 2 of its levels.

You collected 39 gold pieces.


   Skills:
 + Level 5.2 Fighting
 - Level 2.0 Long Blades
 - Level 3.0 Armour
 - Level 3.0 Shields


You had 3 spell levels left.
You didn't know any spells.
Your spell library contained the following spells:

 Spells                   Type           Power      Damage    Failure   Level
 Poisonous Vapours        Pois/Air       0%         N/A       95%         2
 Mephitic Cloud           Conj/Pois/Air  0%         N/A       99%         3
 Freezing Cloud           Conj/Ice/Air   0%         6-21      100%        5

Inventory:

Hand Weapons
 a - a +0 long sword {long}
 e - a +2 whip of draining (weapon) {mace}
   (You found it on level 1 of the Dungeon)
Armour
 b - a +0 scale mail (worn)
 c - a +0 buckler (worn)
 f - a +0 pair of gloves (worn)
   (You found it on level 1 of the Dungeon)
Jewellery
 g - a ring of ice
   (You found it on level 1 of the Dungeon)
 k - a ring of willpower (left hand)
   (You found it on level 1 of the Dungeon)
Potions
 d - 2 potions of might
 h - a potion of attraction {unknown}
 i - a potion of resistance {unknown}
 j - 2 potions of mutation {unknown}
 l - a potion of invisibility {unknown}

Dungeon Overview and Level Annotations

Branches:
Dungeon (2/15) Zot: 11256

Altars:

... ...##..#.....
.#.##.# .)...........
.#. ..# ##.##.#..#..?. .
... ..# #........$..##.#
... #.###..##..........#
##.##.##................
##....##...##...r.......
##....†........J@.#
###.#.#.#...).†.).#
......#.#...!........#
###.###.##.#.#...##.#..
.##.# #.##.<....$.....
.##.. .......#.####.#..
.##.........##.# #...
###.############ .. #.#


You could see an endoplasm and a rat.


Message History

You miss the adder. The adder misses you. The adder barely misses you.
You miss the adder. You block the adder's attack.
You whack the adder!
You kill the adder!
You have reached level 4!
You feel stronger. 😎 HP[+7] MP[+1]
You now have 38 max hp (+7).
Your hp is fully restored (38).
Your mp is fully restored (4).
You see here an adder corpse.
A goblin comes into view. It is wielding a +0 dagger.
Found a stone staircase leading up.
A goblin is nearby!
A goblin is nearby!
A goblin is nearby!
A ball python comes into view.
The ball python hisses angrily.
The goblin hits you but does no damage.
You hit the goblin. You drain the goblin.
You kill the goblin!
Jessica the Apprentice Sorceress comes into view.
She is wielding a +0 dagger.
Jessica shouts!
You see here a +0 dagger {short}.
The ball python closely misses you. The ball python barely misses you.
You hit the ball python.
You kill the ball python!
Jessica mumbles some strange words.
Jessica blinks!
Jessica casts a spell at you.
You feel yourself slow down.
An endoplasm comes into view.
An adder comes into view.
You see here a ball python corpse.
The adder hisses angrily.
Jessica hits you with a +0 dagger. Jessica barely misses you. 😕 HP[-1]
You take 1 damage, and now have 37/38 hp.
You barely miss Jessica.
Jessica hits you with a +0 dagger. 😕 HP[-4]
You take 4 damage, and now have 33/38 hp.
You hit Jessica but do no damage. Jessica hits you but does no damage.
Jessica closely misses you.
You whack Jessica! You drain Jessica.
You kill Jessica!
The adder bites you but does no damage.
The endoplasm hits you but does no damage.
The adder completely misses you. The endoplasm freezes you.
You are frozen.
Your Fighting skill increases to level 5!
You now have 39 max hp (+1).
You closely miss the adder. The adder barely misses you.
The endoplasm freezes you.
You are frozen.
The adder bites you.
You are poisoned.
The adder poisons you! The endoplasm freezes you.
You are frozen.
The adder bites you.
You are more poisoned.
The adder poisons you! 😮 HP[-9]
You take 9 damage, and now have 24/39 hp.
MASSIVE DAMAGE!! (PAUSE)
You hit the adder. You drain the adder.
You feel very sick. The adder barely misses you. The endoplasm freezes you.
You are frozen.
* * * LOW HITPOINT WARNING * * *
The adder bites you but does no damage. 😨 HP[-10]
You take 10 damage, and now have 14/39 hp.
MASSIVE DAMAGE!! (PAUSE)
You whack the adder!
You kill the adder!
You feel very sick.
A rat comes into view.
The endoplasm hits you but does no damage. x2 😨 HP[-2]
You take 2 damage, and now have 12/39 hp.
Unknown command.
You feel sick.
The endoplasm jiggles.
The endoplasm hits you but does no damage.
The endoplasm freezes you.
You are frozen.
* * * LOW HITPOINT WARNING * * *
😱 HP[-6]
You take 6 damage, and now have 6/39 hp.
You completely miss the endoplasm.
You feel yourself speed up.
You feel sick.
The endoplasm hits you but does no damage. 😱 HP[-1]
You take 1 damage, and now have 5/39 hp.
Unknown command.
You hit the endoplasm.
You feel sick. The endoplasm freezes you.
You are frozen.
You die...

Skill      XL: |  1  2  3  4 |
---------------+-------------+-----
Fighting       | 4 5 |  5.2
Long Blades    | |  2.0
Armour         | |  3.0
Shields        | |  3.0

Action                     |  1- 3 |  4- 6 || total
---------------------------+-------+-------++-------
  Melee: Whip              |    90 |    10 ||   100
         Long sword        |     2 |       ||     2
 Armour: Scale mail        |    31 |     9 ||    40
  Dodge: Dodged            |    33 |     7 ||    40
  Block: Buckler           |    17 |       ||    17

Levels and vault maps discovered:
D:1:      minmay_arrival_split_and_join, layout_rooms, minmay_misc_feat_chi,
          minmay_tetromino_t4
D:2:      layout_basic, minmay_misc_feat_rows, kennysheep_generic_room_8,
          uniq_jessica, uniq_natasha

Notes
Turn   | Place    | Note
-------+----------+-------------------------------------------
     0 | D:1      | MackTheKnife the Human Fighter began the quest for the Orb.
     0 | D:1      | Reached XP level 1. HP: 18/18 MP: 1/1
     0 | D:1      | magus.rc [v1.9.6]
   154 | D:1      | Reached XP level 2. HP: 22/24 MP: 2/2
   267 | D:1      | Reached XP level 3. HP: 30/30 MP: 3/3
   271 | D:1      | Reached skill level 4 in Fighting
   318 | D:1      | You pick up a book of Vapours and begin reading...
   318 | D:1      | You add the spells Poisonous Vapours, Mephitic Cloud and
                  | Freezing Cloud to your library.
   703 | D:2      | Reached XP level 4. HP: 38/38 MP: 4/4
   710 | D:2      | Noticed Jessica
   717 | D:2      | Killed Jessica
   718 | D:2      | Reached skill level 5 in Fighting
   721 | D:2      | HP: 6/39 [frozen (4)]
   723 | D:2      | Frozen to death by an endoplasm

Vanquished Creatures
  Jessica (D:2)
  2 adders (D:2)
  2 dart slugs (D:1)
  A bat (D:1)
  5 endoplasms (D:1)
  4 giant cockroaches (D:1)
  6 goblins
  4 hobgoblins (D:1)
  2 quokkas (D:1)
  3 ball pythons
  2 frilled lizards (D:1)
  A kobold (D:1)
  7 rats (D:1)
40 creatures vanquished.

Table legend:
 A = Non-vault XP
 B = Vault XP
 C = Vault XP percentage of total XP
 D = Non-vault monster count
 E = Vault monster count
 F = Vault count percentage of total count
                 A         B        C        D         E       F
            +---------+---------+-------+---------+---------+-------
      Total |      85 |      45 |  34.6 |      35 |       5 |  12.5
            +---------+---------+-------+---------+---------+-------
        D:1 |      54 |       8 |  12.9 |      31 |       4 |  11.4
        D:2 |      31 |      37 |  54.4 |       4 |       1 |  20.0
            +---------+---------+-------+---------+---------+-------

Illustrated notes

Table legend:
 A = Kills in this place as a percentage of kills in the entire game.
 B = Kills by you in this place as a percentage of kills by you in the entire game.
 C = Kills by friends in this place as a percentage of kills by friends in the entire game.
 D = Other kills in this place as a percentage of other kills in the entire game.
 E = Experience gained in this place as a percentage of experience gained in the entire game.
 F = Experience gained in this place divided by the number of levels of this place that you have seen.
                   A       B       C       D       E      F
               +-------+-------+-------+-------+-------+----------------------
         Total | 100.0 | 100.0 |   N/A |   N/A | 100.0 |  65.0
       Dungeon | 100.0 | 100.0 |   N/A |   N/A | 100.0 |  65.0
               +-------+-------+-------+-------+-------+----------------------

Table legend: (Time is in decaauts)
 A = Elapsed time spent in this place.
 B = Non-inter-level travel time spent in this place.
 C = Inter-level travel time spent in this place.
 D = Time resting spent in this place.
 E = Time spent auto-exploring this place.
 F = Levels seen in this place.
 G = Mean time per level.
                   A        B        C        D        E       F      G
               +--------+--------+--------+--------+--------+-----+--------+
         Total |    742 |    711 |     31 |      0 |    499 |   2 |  371.0 |
       Dungeon |    742 |    711 |     31 |      0 |    499 |   2 |  371.0 |
               +--------+--------+--------+--------+--------+-----+--------+

Top non-repeatable levels by time:
     D:1: 697 daAuts
     D:2: 44 daAuts
